TOP OF THE 1ST |
Northwest Arkansas Naturals batting - Pitching for Frisco RoughRiders : RHP Hector Bojorquez
|
Pitching: RHP Hector Bojorquez
|
|
Batting: RHB Kazuki Arai
|
0-0: Ball 1-0: Called Strike 1-1: Swinging Strike 1-2: Fly out, F8 (Flyball, 89XD, EV 93.1 MPH)
|
Batting: RHB Kevin Wimberly
|
0-0: Ball 1-0: Called Strike 1-1: Foul Ball, location: 2F 1-2: Fly out, F7 (Flyball, 78M, EV 85.0 MPH)
|
Batting: RHB Alex Cid
|
0-0: Called Strike 0-1: Ball 1-1: Ground out 5-3 (Groundball, 56, EV 86.2 MPH)
|
Top of the 1st over - 0 runs, 0 hits, 0 errors, 0 left on base; Northwest Arkansas 0 - Frisco 0 |
BOTTOM OF THE 1ST |
Frisco RoughRiders batting - Pitching for Northwest Arkansas Naturals : RHP Kevin Tumbleson
|
Pitching: RHP Kevin Tumbleson
|
|
Batting: LHB Pauli Gassinger
|
0-0: Ground out 1-3 (Groundball, 13S, EV 66.9 MPH)
|
Batting: LHB Yasahiko Teshima
|
0-0: Called Strike 0-1: Ball 1-1: Called Strike 1-2: Strikes out swinging
|
Batting: RHB Sean Neuroth
|
0-0: Ground out U3 (Groundball, 3, EV 86.9 MPH)
|
Bottom of the 1st over - 0 runs, 0 hits, 0 errors, 0 left on base; Northwest Arkansas 0 - Frisco 0 |
TOP OF THE 2ND |
Northwest Arkansas Naturals batting - Pitching for Frisco RoughRiders : RHP Hector Bojorquez
|
Batting: RHB Andy Urquhart
|
0-0: Foul Ball, location: 2F 0-1: Ball 1-1: Ground out 6-3 (Groundball, 6, EV 86.2 MPH)
|
Batting: RHB Edwin Ramos
|
0-0: Ground out 5-3 (Groundball, 5, EV 89.4 MPH)
|
Batting: LHB Bobby Gonzalez
|
0-0: Ball 1-0: Foul Ball, location: 2F 1-1: Foul Ball, location: 2F 1-2: Strikes out swinging
|
Top of the 2nd over - 0 runs, 0 hits, 0 errors, 0 left on base; Northwest Arkansas 0 - Frisco 0 |
BOTTOM OF THE 2ND |
Frisco RoughRiders batting - Pitching for Northwest Arkansas Naturals : RHP Kevin Tumbleson
|
Batting: LHB Alfonso Collazo
|
0-0: Called Strike 0-1: Ball 1-1: Ball 2-1: Swinging Strike 2-2: Strikes out swinging, 2-3 out at first.
|
Batting: RHB Danny Murillo
|
0-0: TRIPLE (Line Drive, 7LD, EV 105.6 MPH)
|
Batting: RHB Josh Ferguson
|
0-0: Called Strike 0-1: Ball 1-1: Foul Ball, location: 2F 1-2: Ball 2-2: Ball 3-2: Fly out, F7 (Flyball, 7D, EV 101.2 MPH) Runner from 3rd tags up, SCORES, throw by LF
|
Batting: RHB Matt Sanders
|
0-0: Ball 1-0: Swinging Strike 1-1: Ball 2-1: Ground out 5-3 (Groundball, 5L, EV 83.1 MPH)
|
Bottom of the 2nd over - 1 run, 1 hit, 0 errors, 0 left on base; Northwest Arkansas 0 - Frisco 1 |
TOP OF THE 3RD |
Northwest Arkansas Naturals batting - Pitching for Frisco RoughRiders : RHP Hector Bojorquez
|
Batting: LHB Joe Cozart
|
0-0: Foul Ball, location: 2F 0-1: Foul Ball, location: 2F 0-2: Ball 1-2: Reached on error, E3 (Groundball, 3S, EV 85.0 MPH)
|
Batting: SHB Danny Ballenger
|
0-0: Swinging Strike 0-1: Ball 1-1: Foul Ball, location: 2F 1-2: Ball 2-2: Ball 3-2: Foul Ball, location: 2F 3-2: Strikes out swinging
|
Batting: RHB Gabe Ochoa
|
0-0: Ground out 4-3 (Groundball, 34, EV 108.8 MPH) Joe Cozart to second
|
Batting: RHB Kazuki Arai
|
0-0: Foul Ball, location: 2F 0-1: DOUBLE (Line Drive, 78D, EV 110.0 MPH) Joe Cozart scores
|
Batting: RHB Kevin Wimberly
|
0-0: Ball 1-0: SINGLE (Groundball, 4D, EV 98.8 MPH) Kazuki Arai to third Runner from 3rd tries for Home, SAFE, throw by CF to home Kevin Wimberly to second
|
Batting: RHB Alex Cid
|
0-0: SINGLE (Groundball, 4MS, EV 73.1 MPH) (infield hit) Kevin Wimberly to third
|
Batting: RHB Andy Urquhart
|
0-0: Swinging Strike 0-1: Foul Ball, location: 2F 0-2: Ball 1-2: Foul Ball, location: 2F 1-2: DOUBLE (Groundball, 5L, EV 99.4 MPH) Kevin Wimberly scores Alex Cid to third
|
Batting: RHB Edwin Ramos
|
0-0: Ball 1-0: Foul Ball, location: 2F 1-1: Fly out, F8 (Line Drive, 8LM, EV 104.4 MPH)
|
Top of the 3rd over - 3 runs, 4 hits, 1 error, 2 left on base; Northwest Arkansas 3 - Frisco 1 |
BOTTOM OF THE 3RD |
Frisco RoughRiders batting - Pitching for Northwest Arkansas Naturals : RHP Kevin Tumbleson
|
Batting: RHB Darnell Jones
|
0-0: Ball 1-0: Swinging Strike 1-1: Fly out, F9 (Flyball, 9D, EV 77.5 MPH)
|
Batting: RHB Shoh Tanioka
|
0-0: Foul Ball, location: 2F 0-1: Fly out, F9 (Flyball, 9, EV 93.1 MPH)
|
Batting: LHB Pauli Gassinger
|
0-0: Called Strike 0-1: Foul Ball, location: 2F 0-2: Foul Ball, location: 2F 0-2: Ground out 6-3 (Groundball, 4M, EV 90.0 MPH)
|
Bottom of the 3rd over - 0 runs, 0 hits, 0 errors, 0 left on base; Northwest Arkansas 3 - Frisco 1 |
TOP OF THE 4TH |
Northwest Arkansas Naturals batting - Pitching for Frisco RoughRiders : RHP Hector Bojorquez
|
Batting: LHB Bobby Gonzalez
|
0-0: Called Strike 0-1: Foul Ball, location: 2F 0-2: Foul Ball, location: 2F 0-2: Foul Ball, location: 2F 0-2: Ball 1-2: Strikes out looking
|
Batting: LHB Joe Cozart
|
0-0: Foul Ball, location: 2F 0-1: Swinging Strike 0-2: Ball 1-2: Foul Ball, location: 2F 1-2: Ball 2-2: Ball 3-2: DOUBLE (Line Drive, 8LXD, EV 108.1 MPH)
|
Batting: SHB Danny Ballenger
|
0-0: Called Strike 0-1: SINGLE (Groundball, 34D, EV 96.2 MPH) Joe Cozart to third
|
Batting: RHB Gabe Ochoa
|
0-0: Foul Ball, location: 2F 0-1: Called Strike 0-2: Foul Ball, location: 2F 0-2: Ball 1-2: DOUBLE (Groundball, 5L, EV 105.6 MPH) Joe Cozart scores Danny Ballenger to third
|
Batting: RHB Kazuki Arai
|
0-0: Called Strike 0-1: Called Strike 0-2: SINGLE (Line Drive, 7S, EV 91.9 MPH) Danny Ballenger scores Gabe Ochoa to third
|
Pitching: RHP Mitsuo Kuriyama
|
|
Batting: RHB Kevin Wimberly
|
0-0: Ball Wild Pitch! Gabe Ochoa scores Kazuki Arai to second 1-0: Ball 2-0: Ball 3-0: Foul Ball, location: 2F 3-1: Foul Ball, location: 2F 3-2: Strikes out swinging
|
Batting: RHB Alex Cid
|
0-0: Ground out 3-1 (Groundball, 34, EV 88.8 MPH)
|
Top of the 4th over - 3 runs, 4 hits, 0 errors, 1 left on base; Northwest Arkansas 6 - Frisco 1 |
BOTTOM OF THE 4TH |
Frisco RoughRiders batting - Pitching for Northwest Arkansas Naturals : RHP Kevin Tumbleson
|
Batting: LHB Yasahiko Teshima
|
0-0: Called Strike 0-1: Fly out, F7 (Flyball, 7D, EV 98.1 MPH)
|
Batting: RHB Sean Neuroth
|
0-0: Called Strike 0-1: Swinging Strike 0-2: Foul Ball, location: 2F 0-2: Ball 1-2: Ball 2-2: Foul Ball, location: 2F 2-2: Ball 3-2: Ground out 6-3 (Groundball, 6, EV 90.0 MPH)
|
Batting: LHB Alfonso Collazo
|
0-0: Swinging Strike 0-1: Ball 1-1: Fly out, F5 (Line Drive, 5, EV 73.1 MPH)
|
Bottom of the 4th over - 0 runs, 0 hits, 0 errors, 0 left on base; Northwest Arkansas 6 - Frisco 1 |
TOP OF THE 5TH |
Northwest Arkansas Naturals batting - Pitching for Frisco RoughRiders : RHP Mitsuo Kuriyama
|
Batting: RHB Andy Urquhart
|
0-0: Called Strike 0-1: Called Strike 0-2: Strikes out swinging
|
Batting: RHB Edwin Ramos
|
0-0: Ball 1-0: Foul Ball, location: 2F 1-1: Ball 2-1: SINGLE (Line Drive, 56D, EV 104.4 MPH)
|
Batting: LHB Bobby Gonzalez
|
0-0: Called Strike 0-1: Foul Ball, location: 2F 0-2: Ball 1-2: 2-RUN HOME RUN (Flyball, 9D, EV 98.8 MPH), Distance : 381 ft
|
Batting: LHB Joe Cozart
|
0-0: Ball 1-0: Ground out 6-3 (Groundball, 4M, EV 90.6 MPH)
|
Batting: SHB Danny Ballenger
|
0-0: Foul Ball, location: 2F 0-1: Ball 1-1: Ball 2-1: Ground out 3-1 (Groundball, 34, EV 80.0 MPH)
|
Top of the 5th over - 2 runs, 2 hits, 0 errors, 0 left on base; Northwest Arkansas 8 - Frisco 1 |
BOTTOM OF THE 5TH |
Frisco RoughRiders batting - Pitching for Northwest Arkansas Naturals : RHP Kevin Tumbleson
|
Batting: RHB Danny Murillo
|
0-0: Foul Ball, location: 2F 0-1: Ball 1-1: SINGLE (Groundball, 56, EV 104.4 MPH) (infield hit)
|
Batting: RHB Josh Ferguson
|
0-0: Fielders Choice at 2nd, 6-4 (Groundball, 6, EV 101.9 MPH)
|
Batting: RHB Matt Sanders
|
0-0: Called Strike 0-1: Ball 1-1: Called Strike 1-2: Ball 2-2: Strikes out swinging
|
Batting: RHB Darnell Jones
|
0-0: Foul Ball, location: 2F 0-1: Ground out 6-3 (Groundball, 6M, EV 99.4 MPH)
|
Bottom of the 5th over - 0 runs, 1 hit, 0 errors, 1 left on base; Northwest Arkansas 8 - Frisco 1 |
TOP OF THE 6TH |
Northwest Arkansas Naturals batting - Pitching for Frisco RoughRiders : RHP Mitsuo Kuriyama
|
Batting: RHB Gabe Ochoa
|
0-0: Ball 1-0: Swinging Strike 1-1: Foul Ball, location: 2F 1-2: Ball 2-2: Strikes out swinging
|
Batting: RHB Kazuki Arai
|
0-0: Called Strike 0-1: Called Strike 0-2: Strikes out swinging
|
Batting: RHB Kevin Wimberly
|
0-0: Swinging Strike 0-1: Swinging Strike 0-2: Strikes out swinging
|
Top of the 6th over - 0 runs, 0 hits, 0 errors, 0 left on base; Northwest Arkansas 8 - Frisco 1 |
BOTTOM OF THE 6TH |
Frisco RoughRiders batting - Pitching for Northwest Arkansas Naturals : RHP Kevin Tumbleson
|
Batting: RHB Shoh Tanioka
|
0-0: Ball 1-0: Called Strike 1-1: Fly out, F9 (Line Drive, 89M, EV 96.9 MPH)
|
Batting: LHB Pauli Gassinger
|
0-0: Fly out, F9 (Line Drive, 9LM, EV 90.0 MPH)
|
Batting: LHB Yasahiko Teshima
|
0-0: Called Strike 0-1: Called Strike 0-2: Ball 1-2: Foul Ball, location: 2F 1-2: Ground out U3 (Groundball, 34S, EV 76.9 MPH)
|
Bottom of the 6th over - 0 runs, 0 hits, 0 errors, 0 left on base; Northwest Arkansas 8 - Frisco 1 |
TOP OF THE 7TH |
Northwest Arkansas Naturals batting - Pitching for Frisco RoughRiders : RHP Mitsuo Kuriyama
|
Batting: SHB Marcos Cortez
|
0-0: Called Strike 0-1: Ball 1-1: Ball 2-1: Foul Ball, location: 2F 2-2: Ball 3-2: Strikes out looking
|
Batting: RHB Andy Urquhart
|
0-0: SINGLE (Groundball, 6MD, EV 105.6 MPH)
|
Pinch Hitting: RHB Kasey Bland
|
0-0: Called Strike 0-1: Swinging Strike 0-2: Ball 1-2: Ball 2-2: Fielders Choice at 2nd, 6-4 (Groundball, 6, EV 103.1 MPH)
|
Pinch Hitting: LHB Randy Stapleton
|
0-0: Called Strike 0-1: Ball 1-1: Called Strike Kasey Bland steals 2nd, throwing error, E2 Kasey Bland to third 1-2: Strikes out looking
|
Top of the 7th over - 0 runs, 1 hit, 1 error, 1 left on base; Northwest Arkansas 8 - Frisco 1 |
BOTTOM OF THE 7TH |
Frisco RoughRiders batting - Pitching for Northwest Arkansas Naturals : RHP Kevin Tumbleson
|
Now at 2B: Kasey Bland
|
|
Now in LF: Randy Stapleton
|
|
Batting: RHB Sean Neuroth
|
0-0: Foul Ball, location: 2F 0-1: Swinging Strike 0-2: Hit by Pitch
|
Batting: LHB Alfonso Collazo
|
0-0: Ball 1-0: Called Strike 1-1: Ball 2-1: SINGLE (Groundball, 6D, EV 95.6 MPH) Sean Neuroth to second
|
Batting: RHB Danny Murillo
|
0-0: Ball 1-0: Ball 2-0: Called Strike 2-1: Foul Ball, location: 2F 2-2: Foul Ball, location: 2F 2-2: Ball 3-2: SINGLE (Line Drive, 4D, EV 99.4 MPH) Sean Neuroth to third Alfonso Collazo to second
|
Pitching: RHP Justin Nipper
|
|
Batting: RHB Josh Ferguson
|
0-0: Foul Ball, location: 2F 0-1: Ball 1-1: Foul Ball, location: 2F 1-2: Foul Ball, location: 2F 1-2: Ball 2-2: Foul Ball, location: 2F 2-2: DOUBLE (Line Drive, 78XD, EV 106.2 MPH) Sean Neuroth scores Alfonso Collazo scores Danny Murillo to third
|
Pinch Hitting: LHB Yat-sen Zhu
|
0-0: Ball 1-0: Ball 2-0: Ball 3-0: Called Strike 3-1: DOUBLE (Flyball, 7LD, EV 110.6 MPH) Danny Murillo scores Josh Ferguson scores
|
Batting: RHB Darnell Jones
|
0-0: Called Strike 0-1: Called Strike 0-2: Ball 1-2: Ball 2-2: Ball 3-2: Strikes out swinging
|
Pinch Hitting: SHB Brace Harper
|
0-0: Fly out, F9 (Line Drive, 9LM, EV 106.2 MPH)
|
Batting: LHB Pauli Gassinger
|
0-0: Called Strike 0-1: Ball 1-1: Swinging Strike 1-2: Strikes out swinging
|
Bottom of the 7th over - 4 runs, 4 hits, 0 errors, 1 left on base; Northwest Arkansas 8 - Frisco 5 |
TOP OF THE 8TH |
Northwest Arkansas Naturals batting - Pitching for Frisco RoughRiders : RHP Mitsuo Kuriyama
|
Pitching: LHP Harry Tuckfard
|
|
Now at 3B: Brace Harper
|
|
Now in CF: Dale Aubrey
|
|
Batting: LHB Joe Cozart
|
0-0: Ground out 6-3 (Groundball, 6, EV 100.0 MPH)
|
Batting: SHB Danny Ballenger
|
0-0: Ball 1-0: Foul Ball, location: 2F 1-1: Called Strike 1-2: Ball 2-2: Strikes out swinging
|
Batting: RHB Gabe Ochoa
|
0-0: Ground out 5-3 (Groundball, 5S, EV 93.8 MPH)
|
Top of the 8th over - 0 runs, 0 hits, 0 errors, 0 left on base; Northwest Arkansas 8 - Frisco 5 |
BOTTOM OF THE 8TH |
Frisco RoughRiders batting - Pitching for Northwest Arkansas Naturals : RHP Justin Nipper
|
Pitching: RHP Justin Potts
|
|
Batting: LHB Yasahiko Teshima
|
0-0: Ball 1-0: Foul Ball, location: 2F 1-1: Called Strike 1-2: Foul Ball, location: 2F 1-2: Fly out, F7 (Line Drive, 7LM, EV 91.9 MPH)
|
Batting: RHB Sean Neuroth
|
0-0: Ball 1-0: Foul Ball, location: 2F 1-1: Ball 2-1: Ball 3-1: Called Strike 3-2: Base on Balls
|
Batting: LHB Alfonso Collazo
|
0-0: Called Strike 0-1: Ball 1-1: Swinging Strike 1-2: Ball 2-2: SINGLE (Line Drive, 9S, EV 92.5 MPH) Sean Neuroth to second Runner from 2nd tries for 3rd, SAFE, throw by RF made to third
|
Batting: RHB Danny Murillo
|
0-0: Called Strike 0-1: SINGLE (Groundball, 4MD, EV 96.2 MPH) Sean Neuroth scores Alfonso Collazo to second
|
Pitching: RHP Matthew Orphan
|
|
Batting: RHB Josh Ferguson
|
0-0: Called Strike 0-1: Ball 1-1: Ball 2-1: Fly out, F9 (Flyball, 89M, EV 94.4 MPH)
|
Batting: RHB Dale Aubrey
|
0-0: Ball Wild Pitch! Alfonso Collazo to third Danny Murillo to second 1-0: Called Strike 1-1: Called Strike 1-2: Strikes out looking
|
Bottom of the 8th over - 1 run, 2 hits, 0 errors, 2 left on base; Northwest Arkansas 8 - Frisco 6 |
TOP OF THE 9TH |
Northwest Arkansas Naturals batting - Pitching for Frisco RoughRiders : LHP Harry Tuckfard
|
Batting: RHB Kazuki Arai
|
0-0: Ball 1-0: Foul Ball, location: 2F 1-1: Foul Ball, location: 2F 1-2: Strikes out swinging
|
Batting: RHB Kevin Wimberly
|
0-0: Called Strike 0-1: Ball 1-1: Foul Ball, location: 2F 1-2: Foul Ball, location: 2F 1-2: Ball 2-2: Ball 3-2: SINGLE (Groundball, 56D, EV 110.0 MPH)
|
Batting: SHB Marcos Cortez
|
0-0: Called Strike Kevin Wimberly is caught stealing 2nd base 2-4 0-1: Ball 1-1: Foul Ball, location: 2F 1-2: Ball 2-2: Strikes out looking
|
Top of the 9th over - 0 runs, 1 hit, 0 errors, 0 left on base; Northwest Arkansas 8 - Frisco 6 |
BOTTOM OF THE 9TH |
Frisco RoughRiders batting - Pitching for Northwest Arkansas Naturals : RHP Matthew Orphan
|
Pitching: RHP Junsuke Abe
|
|
Batting: RHB Darnell Jones
|
0-0: Called Strike 0-1: Ball 1-1: Called Strike 1-2: SINGLE (Groundball, 6MD, EV 101.9 MPH)
|
Batting: SHB Brace Harper
|
0-0: Ball 1-0: Foul Ball, location: 2F 1-1: Ball 2-1: Foul Ball, location: 2F 2-2: Ball 3-2: Foul Ball, location: 2F 3-2: Foul Ball, location: 2F 3-2: Foul Ball, location: 2F 3-2: Base on Balls Darnell Jones to second
|
Batting: LHB Pauli Gassinger
|
0-0: Called Strike 0-1: Called Strike 0-2: Foul Ball, location: 2F 0-2: Ball 1-2: 3-RUN HOME RUN (Line Drive, 89XD, EV 116.2 MPH), Distance : 450 ft
|
Bottom of the 9th over - 3 runs, 2 hits, 0 errors, 0 left on base; Northwest Arkansas 8 - Frisco 9 |
|